cohdb
Replays
Latest Replays
All Replays
Popular Replays
Top Player Replays
Match Explorer
How It Works
Community
CoH3 Stats
Reddit
Sign in to upload your games and track your stats! →
Sign in with Steam
Match 40686055
Unlisted
Match 40686055
Overview
Messages
Build Orders
End
Panzergrenadier Squad
Selects Panzerjäger Kommand Battlegroup
250 Light Carrier
Panzergrenadier Squad
Construct Light Support Kompanie
MG34 Team
Fire Support Elements
Selects Tank Busters
Veteran Squad Leaders
MG34 Team
Selects Mine Fields
2.5-tonne Medical Truck
Panzerjäger Mechanized Group
Construct Panzerarmee Kommand
Selects Early Warning
Early Warning
Combat Half-tracks
Early Warning
Selects Butterfly Bomb Drop
Walking Stuka Rocket Launcher
Butterfly Bomb Drop
Pak 38 Mechanized Group
Selects Crew Shock Tactics
Panzer III L Medium Tank
Selects Anti-tank Overwatch
Flakvierling Half-track
Armored Reserves
Early Warning
Walking Stuka Rocket Launcher
Panzer III L Medium Tank
Vehicle Survival Package
Anti-tank Overwatch
Panzerpioneer Squad
Panzergrenadier Squad
Emergency Repair Kits
Anti-tank Overwatch
Tiger Heavy Tank
Rapid Advance
Early Warning
Panzerpioneer Squad
Early Warning
Panzer IV Assault Group
Thrawn
Redleader
TEXAS YEE
Atomic Floyd
Microsoft Outlook
deadsadbadmad
0
0
Comments
sign in to comment!
No comments posted yet!